| TOP OF THE 1ST |
|
Tulsa Drillers batting - Pitching for Altoona Curve : RHP J.J. Sykes
|
|
Pitching: RHP J.J. Sykes
|
|
|
Batting: RHB Koen van Oort
|
0-0: Called Strike 0-1: Fly out, F9 (Flyball, 9S, EV 91.2 MPH)
|
|
Batting: RHB Jesse White
|
0-0: SOLO HOME RUN (Flyball, 7D, EV 100.0 MPH), Distance : 386 ft
|
|
Batting: LHB Nick McGraw
|
0-0: Foul Ball, location: 2F 0-1: Called Strike 0-2: Ball 1-2: Ball 2-2: Strikes out looking
|
|
Batting: RHB Blake Beale
|
0-0: Called Strike 0-1: Reached on error, E6 (Groundball, 6, EV 89.4 MPH)
|
|
Batting: RHB Dave Cordero
|
0-0: Foul Ball, location: 2F 0-1: Foul Ball, location: 2F 0-2: Fielders Choice at 2nd, 6-4 (Groundball, 6, EV 85.0 MPH)
|
| Top of the 1st over - 1 run, 1 hit, 1 error, 1 left on base; Tulsa 1 - Altoona 0 |
| BOTTOM OF THE 1ST |
|
Altoona Curve batting - Pitching for Tulsa Drillers : RHP Eddie Usrey
|
|
Pitching: RHP Eddie Usrey
|
|
|
Batting: RHB Nelson Ozuna
|
0-0: Ball 1-0: Ball 2-0: Swinging Strike 2-1: Ball 3-1: Foul Ball, location: 2F 3-2: Base on Balls
|
|
Batting: LHB Jesse Henly
|
0-0: Ball Nelson Ozuna is caught stealing 2nd base 2-6 1-0: Foul Ball, location: 2F 1-1: Ball 2-1: DOUBLE (Groundball, 5L, EV 105.6 MPH)
|
|
Batting: RHB Matt Keef
|
0-0: Ball 1-0: Ground out 4-3 (Groundball, 4, EV 88.1 MPH) Jesse Henly to third
|
|
Batting: RHB Terry Sutherland
|
0-0: Foul Ball, location: 2F 0-1: Ball 1-1: Swinging Strike 1-2: SINGLE (Line Drive, 56D, EV 96.9 MPH) Jesse Henly scores
|
|
Batting: SHB Jerry Massey
|
0-0: Fielders Choice at 2nd, 6-4 (Groundball, 6, EV 78.1 MPH)
|
| Bottom of the 1st over - 1 run, 2 hits, 0 errors, 1 left on base; Tulsa 1 - Altoona 1 |
| TOP OF THE 2ND |
|
Tulsa Drillers batting - Pitching for Altoona Curve : RHP J.J. Sykes
|
|
Batting: RHB Roger Simmons
|
0-0: Ball 1-0: Ball 2-0: Ground out 4-3 (Groundball, 4M, EV 103.1 MPH)
|
|
Batting: LHB David McNair
|
0-0: Foul Ball, location: 2F 0-1: Ground out 6-3 (Groundball, 6, EV 86.2 MPH)
|
|
Batting: LHB Miguel Medina
|
0-0: Foul Ball, location: 2F 0-1: Called Strike 0-2: Ground out 6-3 (Groundball, 6, EV 99.4 MPH)
|
| Top of the 2nd over - 0 runs, 0 hits, 0 errors, 0 left on base; Tulsa 1 - Altoona 1 |
| BOTTOM OF THE 2ND |
|
Altoona Curve batting - Pitching for Tulsa Drillers : RHP Eddie Usrey
|
|
Batting: RHB Keiji Nakajima
|
0-0: DOUBLE (Line Drive, 9LS, EV 107.5 MPH)
|
|
Batting: RHB Brian Moore
|
0-0: Hit by Pitch
|
|
Batting: RHB Yoshiaki Tsutsui
|
0-0: Called Strike 0-1: Foul Ball, location: 2F 0-2: Ball 1-2: Strikes out swinging
|
|
Batting: RHB Bahiyy al Din bin Mamdouh
|
0-0: Ball 1-0: Ball 2-0: Ball 3-0: Called Strike 3-1: Grounds into double play, 6-4-3 (Groundball, 6, EV 88.8 MPH)
|
| Bottom of the 2nd over - 0 runs, 1 hit, 0 errors, 1 left on base; Tulsa 1 - Altoona 1 |
| TOP OF THE 3RD |
|
Tulsa Drillers batting - Pitching for Altoona Curve : RHP J.J. Sykes
|
|
Batting: RHB Dave Archibeque
|
0-0: Foul Ball, location: 2F 0-1: Ground out 6-3 (Groundball, 6, EV 80.0 MPH)
|
|
Batting: RHB Koen van Oort
|
0-0: Foul Ball, location: 2F 0-1: Ground out 6-3 (Groundball, 6, EV 90.0 MPH)
|
|
Batting: RHB Jesse White
|
0-0: Called Strike 0-1: Ball 1-1: Ball 2-1: Fly out, F9 (Line Drive, 9, EV 88.1 MPH)
|
| Top of the 3rd over - 0 runs, 0 hits, 0 errors, 0 left on base; Tulsa 1 - Altoona 1 |
| BOTTOM OF THE 3RD |
|
Altoona Curve batting - Pitching for Tulsa Drillers : RHP Eddie Usrey
|
|
Batting: RHB Nelson Ozuna
|
0-0: Ball 1-0: Swinging Strike 1-1: Ground out 6-3 (Groundball, 6M, EV 107.5 MPH)
|
|
Batting: LHB Jesse Henly
|
0-0: Ball 1-0: Ball 2-0: Ball 3-0: Called Strike 3-1: Ground out 4-3 (Groundball, 4, EV 90.0 MPH)
|
|
Batting: RHB Matt Keef
|
0-0: Fly out, F9 (Line Drive, 9D, EV 90.0 MPH)
|
| Bottom of the 3rd over - 0 runs, 0 hits, 0 errors, 0 left on base; Tulsa 1 - Altoona 1 |
| TOP OF THE 4TH |
|
Tulsa Drillers batting - Pitching for Altoona Curve : RHP J.J. Sykes
|
|
Batting: LHB Nick McGraw
|
0-0: Ground out U3 (Groundball, 3, EV 100.6 MPH)
|
|
Batting: RHB Blake Beale
|
0-0: Called Strike 0-1: Ball 1-1: Ground out 5-3 (Groundball, 56, EV 83.8 MPH)
|
|
Batting: RHB Dave Cordero
|
0-0: Ball 1-0: Ball 2-0: Called Strike 2-1: Ground out 6-3 (Groundball, 56, EV 104.4 MPH)
|
| Top of the 4th over - 0 runs, 0 hits, 0 errors, 0 left on base; Tulsa 1 - Altoona 1 |
| BOTTOM OF THE 4TH |
|
Altoona Curve batting - Pitching for Tulsa Drillers : RHP Eddie Usrey
|
|
Batting: RHB Terry Sutherland
|
0-0: Called Strike 0-1: Ground out 3-1 (Groundball, 34, EV 83.1 MPH)
|
|
Batting: SHB Jerry Massey
|
0-0: Called Strike 0-1: Swinging Strike 0-2: Ball 1-2: Fly out, F7 (Flyball, 78D, EV 101.9 MPH)
|
|
Batting: RHB Keiji Nakajima
|
0-0: Ball 1-0: Fly out, F7 (Flyball, 7, EV 88.1 MPH)
|
| Bottom of the 4th over - 0 runs, 0 hits, 0 errors, 0 left on base; Tulsa 1 - Altoona 1 |
| TOP OF THE 5TH |
|
Tulsa Drillers batting - Pitching for Altoona Curve : RHP J.J. Sykes
|
|
Batting: RHB Roger Simmons
|
0-0: Ground out 5-3 (Groundball, 5L, EV 100.0 MPH)
|
|
Batting: LHB David McNair
|
0-0: Ball 1-0: Foul Ball, location: 2F 1-1: Ball 2-1: Foul Ball, location: 2F 2-2: Strikes out swinging
|
|
Batting: LHB Miguel Medina
|
0-0: Ball 1-0: Called Strike 1-1: Ball 2-1: Ground out 4-3 (Groundball, 4, EV 84.4 MPH)
|
| Top of the 5th over - 0 runs, 0 hits, 0 errors, 0 left on base; Tulsa 1 - Altoona 1 |
| BOTTOM OF THE 5TH |
|
Altoona Curve batting - Pitching for Tulsa Drillers : RHP Eddie Usrey
|
|
Batting: RHB Brian Moore
|
0-0: Called Strike 0-1: Foul Ball, location: 2F 0-2: Fly out, F4 (Popup, 34D, EV 61.2 MPH)
|
|
Batting: RHB Yoshiaki Tsutsui
|
0-0: Ball 1-0: Fly out, F5 (Popup, 5SF, EV 71.2 MPH)
|
|
Batting: RHB Bahiyy al Din bin Mamdouh
|
0-0: Called Strike 0-1: Swinging Strike 0-2: SINGLE (Groundball, 6MD, EV 98.8 MPH)
|
|
Batting: RHB Nelson Ozuna
|
0-0: Ball 1-0: Swinging Strike 1-1: Ball 2-1: Ball 3-1: Foul Ball, location: 2F 3-2: Foul Ball, location: 2F 3-2: Strikes out looking
|
| Bottom of the 5th over - 0 runs, 1 hit, 0 errors, 1 left on base; Tulsa 1 - Altoona 1 |
| TOP OF THE 6TH |
|
Tulsa Drillers batting - Pitching for Altoona Curve : RHP J.J. Sykes
|
|
Batting: RHB Dave Archibeque
|
0-0: Ball 1-0: Fly out, F8 (Flyball, 8RD, EV 105.6 MPH)
|
|
Batting: RHB Koen van Oort
|
0-0: Swinging Strike 0-1: Ball 1-1: Foul Ball, location: 2F 1-2: Strikes out swinging
|
|
Batting: RHB Jesse White
|
0-0: Ball 1-0: Ground out U3 (Groundball, 34S, EV 83.8 MPH)
|
| Top of the 6th over - 0 runs, 0 hits, 0 errors, 0 left on base; Tulsa 1 - Altoona 1 |
| BOTTOM OF THE 6TH |
|
Altoona Curve batting - Pitching for Tulsa Drillers : RHP Eddie Usrey
|
|
Batting: LHB Jesse Henly
|
0-0: Ball 1-0: Called Strike 1-1: Ball 2-1: Called Strike 2-2: Ground out 5-3 (Groundball, 5D, EV 86.2 MPH)
|
|
Batting: RHB Matt Keef
|
0-0: Ball 1-0: Ball 2-0: Called Strike 2-1: Fly out, F9 (Flyball, 9LS, EV 84.4 MPH)
|
|
Batting: RHB Terry Sutherland
|
0-0: Swinging Strike 0-1: Foul Ball, location: 2F 0-2: Reached on error, E1 (Groundball, 15S, EV 68.8 MPH)
|
|
Batting: SHB Jerry Massey
|
0-0: Called Strike 0-1: Swinging Strike 0-2: Strikes out looking
|
| Bottom of the 6th over - 0 runs, 0 hits, 1 error, 1 left on base; Tulsa 1 - Altoona 1 |
| TOP OF THE 7TH |
|
Tulsa Drillers batting - Pitching for Altoona Curve : RHP J.J. Sykes
|
|
Batting: LHB Nick McGraw
|
0-0: Called Strike 0-1: Called Strike 0-2: Foul Ball, location: 2F 0-2: Foul Ball, location: 2F 0-2: Strikes out swinging
|
|
Batting: RHB Blake Beale
|
0-0: Ground out 4-3 (Groundball, 4, EV 97.5 MPH)
|
|
Batting: RHB Dave Cordero
|
0-0: Ball 1-0: Ball 2-0: Foul Ball, location: 2F 2-1: Ball 3-1: Base on Balls
|
|
Batting: RHB Roger Simmons
|
0-0: Ball 1-0: Ball 2-0: Called Strike 2-1: Foul Ball, location: 2F 2-2: Foul Ball, location: 2F 2-2: Foul Ball, location: 2F 2-2: Ground out 1-3 (Groundball, 13S, EV 70.6 MPH)
|
| Top of the 7th over - 0 runs, 0 hits, 0 errors, 1 left on base; Tulsa 1 - Altoona 1 |
| BOTTOM OF THE 7TH |
|
Altoona Curve batting - Pitching for Tulsa Drillers : RHP Eddie Usrey
|
|
Batting: RHB Keiji Nakajima
|
0-0: Ball 1-0: SINGLE (Groundball, 6MD, EV 105.6 MPH)
|
|
Pitching: RHP Nate Allen
|
|
|
Batting: RHB Brian Moore
|
0-0: Ball 1-0: Swinging Strike 1-1: Swinging Strike 1-2: Strikes out swinging
|
|
Pinch Hitting: LHB Aito Harada
|
0-0: Ball 1-0: Called Strike 1-1: Ball 2-1: Foul Ball, location: 2F 2-2: Strikes out looking
|
|
Batting: RHB Bahiyy al Din bin Mamdouh
|
0-0: SINGLE (Groundball, 15S, EV 67.5 MPH) (infield hit) Keiji Nakajima to second
|
|
Batting: RHB Nelson Ozuna
|
0-0: Ball 1-0: Swinging Strike 1-1: Swinging Strike 1-2: Ball 2-2: Foul Ball, location: 2F 2-2: Ball 3-2: Base on Balls Keiji Nakajima to third Bahiyy al Din bin Mamdouh to second
|
|
Batting: LHB Jesse Henly
|
0-0: Ground out 6-3 (Groundball, 56, EV 107.5 MPH)
|
| Bottom of the 7th over - 0 runs, 2 hits, 0 errors, 3 left on base; Tulsa 1 - Altoona 1 |
| TOP OF THE 8TH |
|
Tulsa Drillers batting - Pitching for Altoona Curve : RHP J.J. Sykes
|
|
Now in LF: Pedro Criollo
|
|
|
Batting: LHB David McNair
|
0-0: Ball 1-0: Ball 2-0: Swinging Strike 2-1: Called Strike 2-2: Foul Ball, location: 2F 2-2: Strikes out swinging
|
|
Batting: LHB Miguel Medina
|
0-0: Foul Ball, location: 2F 0-1: Ball 1-1: Ball 2-1: Foul Ball, location: 2F 2-2: Ball 3-2: Strikes out swinging
|
|
Batting: RHB Dave Archibeque
|
0-0: Foul Ball, location: 2F 0-1: Swinging Strike 0-2: Strikes out swinging
|
| Top of the 8th over - 0 runs, 0 hits, 0 errors, 0 left on base; Tulsa 1 - Altoona 1 |
| BOTTOM OF THE 8TH |
|
Altoona Curve batting - Pitching for Tulsa Drillers : RHP Nate Allen
|
|
Pitching: RHP Steve Mintz
|
|
|
Batting: RHB Matt Keef
|
0-0: Called Strike 0-1: Ball 1-1: Ball 2-1: SINGLE (Groundball, 15S, EV 69.4 MPH) (infield hit)
|
|
Batting: RHB Terry Sutherland
|
0-0: Called Strike 0-1: Fielders Choice at 2nd, 4-6 (Groundball, 4, EV 107.5 MPH)
|
|
Batting: SHB Jerry Massey
|
0-0: Called Strike Terry Sutherland steals 2nd base 0-1: Swinging Strike 0-2: Foul Ball, location: 2F 0-2: Strikes out swinging
|
|
Batting: RHB Keiji Nakajima
|
0-0: Called Strike 0-1: Ball 1-1: Ground out 4-3 (Groundball, 4, EV 81.2 MPH)
|
| Bottom of the 8th over - 0 runs, 1 hit, 0 errors, 1 left on base; Tulsa 1 - Altoona 1 |
| TOP OF THE 9TH |
|
Tulsa Drillers batting - Pitching for Altoona Curve : RHP J.J. Sykes
|
|
Pitching: LHP Jimmy Vanthournoutingtonle
|
|
|
Batting: RHB Koen van Oort
|
0-0: Ball 1-0: Fly out, F8 (Line Drive, 8RM, EV 91.9 MPH)
|
|
Batting: RHB Jesse White
|
0-0: SINGLE (Groundball, 4MD, EV 95.0 MPH)
|
|
Batting: LHB Nick McGraw
|
0-0: Ball 1-0: Ball 2-0: Foul Ball, location: 2F 2-1: SINGLE (Groundball, 34D, EV 105.6 MPH) Jesse White to second Runner from 2nd tries for 3rd, SAFE, throw by RF made to third Nick McGraw to second
|
|
Batting: RHB Blake Beale
|
0-0: Ball 1-0: Foul Ball, location: 2F 1-1: Ball 2-1: Fly out, F9 (Line Drive, 89S, EV 101.2 MPH)
|
|
Batting: RHB Dave Cordero
|
0-0: Called Strike 0-1: Ball 1-1: Foul Ball, location: 2F 1-2: Ball 2-2: Fly out, F7 (Line Drive, 7D, EV 88.8 MPH)
|
| Top of the 9th over - 0 runs, 2 hits, 0 errors, 2 left on base; Tulsa 1 - Altoona 1 |
| BOTTOM OF THE 9TH |
|
Altoona Curve batting - Pitching for Tulsa Drillers : RHP Steve Mintz
|
|
Pitching: RHP Juan Perez
|
|
|
Batting: RHB Brian Moore
|
0-0: Called Strike 0-1: Called Strike 0-2: Foul Ball, location: 2F 0-2: Ball 1-2: Ball 2-2: Ball 3-2: Foul Ball, location: 2F 3-2: DOUBLE (Line Drive, 89XD, EV 108.1 MPH)
|
|
Batting: RHB Pedro Criollo
|
0-0: Intentional Walk
|
|
Batting: RHB Bahiyy al Din bin Mamdouh
|
0-0: Ball 1-0: Called Strike 1-1: Foul Ball, location: 2F 1-2: Strikes out looking
|
|
Batting: RHB Nelson Ozuna
|
0-0: Foul Ball, location: 2F 0-1: Ball 1-1: Ball 2-1: Ball 3-1: Fly out, F4 (Popup, 34D, EV 50.0 MPH)
|
|
Batting: LHB Jesse Henly
|
0-0: Ball 1-0: Ball 2-0: Called Strike 2-1: Foul Ball, location: 2F 2-2: Ground out 6-3 (Groundball, 56, EV 101.2 MPH)
|
| Bottom of the 9th over - 0 runs, 1 hit, 0 errors, 2 left on base; Tulsa 1 - Altoona 1 |
| TOP OF THE 10TH |
|
Tulsa Drillers batting - Pitching for Altoona Curve : LHP Jimmy Vanthournoutingtonle
|
|
Batting: RHB Roger Simmons
|
0-0: Called Strike 0-1: Ball 1-1: Swinging Strike 1-2: Strikes out swinging
|
|
Pinch Hitting: SHB Xavier Alaniz
|
0-0: Called Strike 0-1: Called Strike 0-2: Foul Ball, location: 2F 0-2: Ground out 5-3 (Groundball, 5, EV 88.1 MPH)
|
|
Pinch Hitting: RHB Billy Valadez
|
0-0: Foul Ball, location: 2F 0-1: Swinging Strike 0-2: Foul Ball, location: 2F 0-2: Ball 1-2: Ball 2-2: Ball 3-2: Base on Balls
|
|
Batting: RHB Dave Archibeque
|
0-0: Called Strike 0-1: Fly out, F8 (Line Drive, 8RM, EV 108.1 MPH)
|
| Top of the 10th over - 0 runs, 0 hits, 0 errors, 1 left on base; Tulsa 1 - Altoona 1 |
| BOTTOM OF THE 10TH |
|
Altoona Curve batting - Pitching for Tulsa Drillers : RHP Juan Perez
|
|
Now in LF: Xavier Alaniz
|
|
|
Now in CF: Billy Valadez
|
|
|
Batting: RHB Matt Keef
|
0-0: Ground out 4-3 (Groundball, 4, EV 81.9 MPH)
|
|
Pitching: LHP Chris Mobley
|
|
|
Batting: RHB Terry Sutherland
|
0-0: Fly out, F8 (Line Drive, 8RD, EV 91.9 MPH)
|
|
Batting: SHB Jerry Massey
|
0-0: Called Strike 0-1: Ball 1-1: Foul Ball, location: 2F 1-2: Ground out 1-3 (Groundball, 15S, EV 73.1 MPH)
|
| Bottom of the 10th over - 0 runs, 0 hits, 0 errors, 0 left on base; Tulsa 1 - Altoona 1 |
| TOP OF THE 11TH |
|
Tulsa Drillers batting - Pitching for Altoona Curve : LHP Jimmy Vanthournoutingtonle
|
|
Pitching: RHP Robby Poyfair
|
|
|
Batting: RHB Koen van Oort
|
0-0: Swinging Strike 0-1: Called Strike 0-2: Foul Ball, location: 2F 0-2: Ball 1-2: Strikes out swinging
|
|
Batting: RHB Jesse White
|
0-0: Ball 1-0: Ball 2-0: Ball 3-0: Called Strike 3-1: DOUBLE (Line Drive, 89D, EV 106.2 MPH)
|
|
Batting: LHB Nick McGraw
|
0-0: Intentional Walk
|
|
Batting: RHB Blake Beale
|
0-0: Foul Ball, location: 2F 0-1: Swinging Strike 0-2: Strikes out swinging
|
|
Batting: RHB Dave Cordero
|
0-0: Fly out, F8 (Flyball, 8RS, EV 90.0 MPH)
|
| Top of the 11th over - 0 runs, 1 hit, 0 errors, 2 left on base; Tulsa 1 - Altoona 1 |
| BOTTOM OF THE 11TH |
|
Altoona Curve batting - Pitching for Tulsa Drillers : LHP Chris Mobley
|
|
Batting: RHB Keiji Nakajima
|
0-0: Called Strike 0-1: Ball 1-1: Foul Ball, location: 2F 1-2: Ball 2-2: Strikes out swinging
|
|
Batting: RHB Brian Moore
|
0-0: Called Strike 0-1: Ball 1-1: Ball 2-1: Ground out 5-3 (Groundball, 56, EV 111.2 MPH)
|
|
Batting: RHB Pedro Criollo
|
0-0: Ball 1-0: Fly out, F8 (Flyball, 78M, EV 90.0 MPH)
|
| Bottom of the 11th over - 0 runs, 0 hits, 0 errors, 0 left on base; Tulsa 1 - Altoona 1 |
| TOP OF THE 12TH |
|
Tulsa Drillers batting - Pitching for Altoona Curve : RHP Robby Poyfair
|
|
Batting: RHB Roger Simmons
|
0-0: Called Strike 0-1: Ball 1-1: Called Strike 1-2: Ground out 6-3 (Groundball, 6, EV 76.2 MPH)
|
|
Batting: SHB Xavier Alaniz
|
0-0: Ball 1-0: Ball 2-0: Called Strike 2-1: Fly out, F9 (Flyball, 9LD, EV 97.5 MPH)
|
|
Batting: RHB Billy Valadez
|
0-0: Called Strike 0-1: Ball 1-1: Foul Ball, location: 2F 1-2: Foul Ball, location: 2F 1-2: Fly out, F2 (Popup, 23F, EV 87.5 MPH)
|
| Top of the 12th over - 0 runs, 0 hits, 0 errors, 0 left on base; Tulsa 1 - Altoona 1 |
| BOTTOM OF THE 12TH |
|
Altoona Curve batting - Pitching for Tulsa Drillers : LHP Chris Mobley
|
|
Batting: RHB Bahiyy al Din bin Mamdouh
|
0-0: Ball 1-0: Ball 2-0: Ball 3-0: Base on Balls
|
|
Batting: RHB Nelson Ozuna
|
0-0: Called Strike 0-1: Ball 1-1: Foul Ball, location: 2F 1-2: Strikes out swinging
|
|
Pitching: RHP Juan Isidro
|
|
|
Batting: LHB Jesse Henly
|
0-0: Sac Bunt to 2L - play at first, batter OUT! 2-4 Bahiyy al Din bin Mamdouh to second
|
|
Batting: RHB Matt Keef
|
0-0: Fly out, F9 (Flyball, 9LM, EV 91.2 MPH)
|
| Bottom of the 12th over - 0 runs, 0 hits, 0 errors, 1 left on base; Tulsa 1 - Altoona 1 |
| TOP OF THE 13TH |
|
Tulsa Drillers batting - Pitching for Altoona Curve : RHP Robby Poyfair
|
|
Batting: RHB Dave Archibeque
|
0-0: Called Strike 0-1: Ground out U3 (Groundball, 34, EV 88.8 MPH)
|
|
Batting: RHB Koen van Oort
|
0-0: Ball 1-0: Ball 2-0: Called Strike 2-1: Called Strike 2-2: DOUBLE (Line Drive, 8LD, EV 95.6 MPH)
|
|
Batting: RHB Jesse White
|
0-0: Called Strike Koen van Oort steals 3rd base 0-1: Ball 1-1: Ball 2-1: Foul Ball, location: 2F 2-2: Strikes out swinging
|
|
Batting: LHB Nick McGraw
|
0-0: Intentional Walk
|
|
Pitching: RHP Justin West
|
|
|
Batting: RHB Blake Beale
|
0-0: Swinging Strike 0-1: Fly out, F9 (Flyball, 89M, EV 90.6 MPH)
|
| Top of the 13th over - 0 runs, 1 hit, 0 errors, 2 left on base; Tulsa 1 - Altoona 1 |
| BOTTOM OF THE 13TH |
|
Altoona Curve batting - Pitching for Tulsa Drillers : RHP Juan Isidro
|
|
Batting: RHB Terry Sutherland
|
0-0: Called Strike 0-1: SINGLE (Line Drive, 4D, EV 100.6 MPH)
|
|
Batting: SHB Jerry Massey
|
0-0: Ball 1-0: Ball 2-0: Ball 3-0: Called Strike 3-1: Base on Balls Terry Sutherland to second
|
|
Batting: RHB Keiji Nakajima
|
0-0: Sac Bunt to 25 - play at first, batter OUT! 5-4 Terry Sutherland to third Jerry Massey to second
|
|
Batting: RHB Brian Moore
|
0-0: Ball 1-0: Foul Ball, location: 2F 1-1: Called Strike 1-2: Fielders Choice attempt at home, Runner SAFE. 3-2 (Groundball, 34, EV 90.0 MPH)
|
| Bottom of the 13th over - 1 run, 1 hit, 0 errors, 0 left on base; Tulsa 1 - Altoona 2 |
| |
|
Game Over ... Altoona defeats Tulsa, 2 to 1
|
|
|